 Dungeon Crawl Stone Soup version 0.21-a0-203-gb066a6e (webtiles) character file.

6584 roguesci the Ducker (level 10, -6/74 HPs)
             Began as a Black Draconian Transmuter on Aug 18, 2017.
             Was a Priest of Okawaru.
             Mangled by a two-headed ogre
             ... wielding a +0 giant club
              (27 damage)
             ... on level 10 of the Dungeon on Aug 19, 2017.
             The game lasted 01:02:19 (16014 turns).

roguesci the Ducker (Black Draconian Transmuter)   Turns: 16014, Time: 01:02:20

Health: -6/74      AC: 12    Str: 12    XL:     10   Next: 71%
Magic:  3/21       EV: 22    Int: 19    God:    Okawaru [***...]
Gold:   67         SH:  0    Dex: 19    Spells: 1/21 levels left

rFire    . . .     SeeInvis +   y - +6 dagger (curse)
rCold    + . .     Gourm    .   (no shield)
rNeg     . . .     Faith    .   (armour unavailable)
rPois    +         Spirit   .   (helmet restricted)
rElec    +         Reflect  .   w - +0 cloak (curse)
rCorr    .         Harm     .   B - +2 pair of gloves {archery}
MR       .....                  u - +0 pair of boots
Stlth    ++++......             (no amulet)
HPRegen  0.22/turn              v - ring of see invisible
MPRegen  0.17/turn              C - ring of protection from cold

@: agile, very slightly contaminated
A: breathe lightning, unfitting armour, talons 1, clever 2, frail 1, high mp 1,
poison resistance, electricity resistance, no potion heal 1, cold-blooded, AC +7
a: Breathe Lightning, Heroism, Renounce Religion


You were on level 10 of the Dungeon.
You worshipped Okawaru.
Okawaru was most pleased with you.
You were not hungry.

You visited 2 branches of the dungeon, and saw 11 of its levels.
You also visited: Ossuary.

You collected 627 gold pieces.
You spent 560 gold pieces at shops.

Inventory:

Hand Weapons
 f - a +2 short sword of venom
 j - a +2 hunting sling of velocity
 y - a cursed +6 dagger (weapon)
Missiles
 i - 258 stones (quivered)
Armour
 o - a +0 buckler
 u - a +0 pair of boots (worn)
 w - a cursed +0 cloak (worn)
 B - a +2 pair of gloves of archery (worn)
Jewellery
 v - a ring of see invisible (left hand)
 C - a ring of protection from cold (right hand)
 L - an uncursed amulet of harm
Wands
 l - a wand of enslavement (14/24)
 D - a wand of lightning (4/15)
 E - a wand of lightning (5/15)
 H - a wand of flame (21/48)
Scrolls
 a - a scroll of immolation {unknown}
 d - 3 scrolls of remove curse
 e - a scroll of fear {unknown}
 g - 14 scrolls of identify
 m - 2 scrolls of noise {unknown}
 p - 2 scrolls of enchant armour {unknown}
 r - 6 scrolls of recharging {unknown}
 t - 2 scrolls of teleportation {unknown}
 z - 3 scrolls of amnesia {unknown}
 M - a scroll of magic mapping {unknown}
 N - a scroll of random uselessness {unknown}
 P - a scroll of enchant weapon {unknown}
Potions
 n - a potion of flight
 q - 3 potions of lignification
 s - 6 potions of degeneration
 x - a potion of brilliance
 A - a potion of resistance
 J - a potion of heal wounds {unknown}
 O - a potion of berserk rage {unknown}
Books
 b - a book of Changes

   Spells                             Type                      Level
   a - Beastly Appendage              Transmutation                1
   b - Sticks to Snakes               Transmutation                2
   c - Spider Form                    Transmutation/Poison         3
   d - Ice Form                       Ice/Transmutation            4
   e - Blade Hands                    Transmutation                5
 k - a book of Frost

   Spells                             Type                      Level
   a - Freeze                         Ice                          1
   b - Throw Frost                    Conjuration/Ice              2
   c - Ozocubu's Armour               Charms/Ice                   3
   d - Throw Icicle                   Conjuration/Ice              4
   e - Summon Ice Beast               Ice/Summoning                4
 I - a Young Poisoner's Handbook

   Spells                             Type                      Level
   a - Sting                          Conjuration/Poison           1
   b - Poisonous Vapours              Poison/Air                   2
   c - Mephitic Cloud                 Conjuration/Poison/Air       3
   d - Olgreb's Toxic Radiance        Poison                       4
   e - Venom Bolt                     Conjuration/Poison           5
 K - a book of Battle

   Spells                             Type                      Level
   a - Infusion                       Charms                       1
   b - Shroud of Golubria             Charms/Translocation         2
   c - Song of Slaying                Charms                       2
   d - Spectral Weapon                Hexes/Charms                 3
   e - Regeneration                   Charms/Necromancy            3
Comestibles
 c - 2 bread rations
 h - 9 meat rations


   Skills:
 + Level 6.2 Fighting
 + Level 6.8 Dodging
 - Level 4.6 Stealth
 + Level 6.0 Unarmed Combat
 + Level 6.3 Spellcasting
 * Level 3.1 Conjurations
 - Level 6.2 Transmutations
 * Level 4.4 Air Magic
 * Level 5.0 Poison Magic


You had one spell level left.
You knew the following spells:

 Your Spells              Type           Power        Failure   Level  Hunger
a - Beastly Appendage     Tmut           ####..       1%          1    None
b - Spider Form           Tmut/Pois      ####......   3%          3    ##.....
c - Ensorcelled Hibernat  Hex/Ice        #.....       16%         2    None
d - Confuse               Hex            #.......     32%         3    ##.....
e - Mephitic Cloud        Conj/Pois/Air  ###.....     5%          3    ##.....
f - Ozocubu's Armour      Chrm/Ice       #.......     32%         3    ##.....
g - Regeneration          Chrm/Necr      #.........   32%         3    ##.....
h - Shroud of Golubria    Chrm/Tloc      #.........   16%         2    None


Dungeon Overview and Level Annotations

Branches:
Dungeon (10/15)            Temple (1/1) D:6            Lair (0/6) D:10
    Orc: D:9-12

Altars:
Ashenzari
Cheibriados
Dithmenos
Elyvilon
Fedhas
Gozag
Hepliaklqana
Kikubaaqudgha
Makhleb
Nemelex Xobeh
Okawaru
Qazlal
Ru
Sif Muna
Trog
Uskayaw
Vehumet
Wu Jian
Xom
Yredelemnul
Zin
The Shining One
Beogh

Shops:
D:4 [::   D:5 =   D:6 ?   D:10 (


Innate Abilities, Weirdness & Mutations

You can breathe wild blasts of lightning.
Your glossy black scales are hard. (AC +7)
You cannot fit into any form of body armour.
You are resistant to electric shocks. (rElec)
You are cold-blooded and may be slowed by cold attacks.
You have sharp toenails.
Your mind is very acute. (Int +4)
You are frail. (-10% HP)
You have an increased reservoir of magic. (+10% MP)
Your system is resistant to poisons. (rPois)
Potions are less effective at restoring your health.


Message History

You hit the two-headed ogre.
The two-headed ogre is severely wounded.
The two-headed ogre misses you.
The two-headed ogre hits you with a giant club.
* * * LOW HITPOINT WARNING * * *
You hit the two-headed ogre.
You tail-slap the two-headed ogre, but do no damage.
The two-headed ogre is severely wounded.
You hit the two-headed ogre.
The two-headed ogre is severely wounded.
The two-headed ogre closely misses you. The two-headed ogre misses you.
You hit the two-headed ogre.
Your tail-slap misses the two-headed ogre.
The two-headed ogre is severely wounded.
The two-headed ogre misses you.
The two-headed ogre completely misses you.
You closely miss the two-headed ogre.
The two-headed ogre is severely wounded.
The two-headed ogre hits you with a giant club!!
You die...

#........########.#..
#######>...................
#...................###....
#.......##..###.....#######
#.............'............
#####.....##..####)....####
#..#..##..##.........##
##..ZO#...#...).......#
#.###@....).....).....
#.#####........>......
#..........)..........
##########.##.#####..P.....P..#
#.............# ##)........##
#.#######..##.#### ###.....###
#.≈O≈≈≈≈≈≈≈≈≈≈≈≈≈## ##..###
#.≈###.......###≈.# #.## #.≈#
######### #≈.# #.#


You could see a two-headed ogre and a worker ant zombie.

Vanquished Creatures
  The ghost of Vidiiot the Ruffian, a novice DrSk of Cheibriados (D:7)
  Grinder (D:5)
  A hippogriff (D:10)
  A spriggan (D:7)
  7 yaks (D:10)
  A basilisk (D:10)
  A soldier ant (D:10)
  2 orc warriors (D:8)
  4 sky beasts
  A black bear (D:10)
  2 phantoms
  2 ogres
  3 centaurs
  3 crocodiles
  Blork the orc (D:5)
  An elf zombie (Ossuary)
  5 bullfrogs
  2 wyvern skeletons
  4 scorpions
  5 killer bees (D:7)
  6 wights (D:8)
  2 howler monkeys
  6 crimson imps
  3 centaur zombies (Ossuary)
  A quasit (D:7)
  A bullfrog zombie (D:7)
  3 centaur skeletons
  2 human zombies (Ossuary)
  3 jellies
  10 orc priests
  2 bullfrog skeletons
  4 hounds
  Ijyb (D:5)
  4 orc wizards
  10 worker ants
  2 ogre zombies (Ossuary)
  7 mummies (Ossuary)
  A howler monkey zombie (D:10)
  Robin (D:3)
  2 worker ant zombies
  4 gnolls (D:10)
  12 adders
  2 shadow imps
  3 adder zombies (Ossuary)
  An adder skeleton (D:8)
  7 worms
  4 dart slugs
  4 leopard geckos
  29 orcs
  A ball python (D:1)
  3 giant cockroaches
  A gnoll zombie (Ossuary)
  20 goblins
  11 hobgoblins
  18 jackals
  6 quokkas
  11 bats
  7 frilled lizards
  4 goblin zombies (Ossuary)
  A jackal skeleton (D:6)
  9 kobolds
  5 kobold zombies (Ossuary)
  A leopard gecko zombie (D:5)
  5 quokka zombies (Ossuary)
  8 rats
  4 rat zombies (Ossuary)
  2 plants (D:6)
302 creatures vanquished.

Notes
Turn   | Place    | Note
-------+----------+-------------------------------------------
     0 | D:1      | roguesci the Draconian Transmuter began the quest for the Orb.
     0 | D:1      | Reached XP level 1. HP: 16/16 MP: 3/3
   261 | D:1      | Reached XP level 2. HP: 23/23 MP: 5/5
   711 | D:1      | Reached XP level 3. HP: 25/29 MP: 6/6
   716 | D:1      | Learned a level 3 spell: Spider Form
  1484 | D:2      | Reached XP level 4. HP: 29/36 MP: 7/7
  1706 | D:2      | Reached skill level 1 in Stealth
  1775 | D:2      | Reached skill level 1 in Poison Magic
  2666 | D:3      | Noticed Robin
  2698 | D:3      | Killed Robin
  2829 | D:3      | Reached XP level 5. HP: 31/41 MP: 8/8
  2944 | D:3      | Found a shadowy altar of Dithmenos.
  3539 | D:3      | Found a glowing silver altar of Zin.
  3659 | D:4      | Found a sand-covered staircase.
  3687 | Ossuary  | Entered an ossuary
  3701 | Ossuary  | Reached XP level 6. HP: 47/50 MP: 10/10
  4881 | Ossuary  | Your scales start taking on a glossy black colour.
  4881 | Ossuary  | Reached XP level 7. HP: 40/56 MP: 11/11
  4881 | Ossuary  | Gained mutation: You are resistant to electric shocks. (rElec) [Black Draconian growth]
  5958 | D:4      | Found Laulot's Antique Armour Shop.
  5965 | D:4      | Bought a pair of glowing gloves for 210 gold pieces
  6061 | D:4      | Found Okif's Book Emporium.
  6215 | D:4      | Found Dunysh's Book Emporium.
  6257 | D:4      | Found a sacrificial altar of Ru.
  6259 | D:4      | Found a blossoming altar of Fedhas.
  6337 | D:4      | Found a burning altar of Makhleb.
  6428 | D:4      | Upgraded the game from 0.21-a0-201-g8501b10 to 0.21-a0-203-gb066a6e
  6433 | D:5      | Entered Level 5 of the Dungeon
  6434 | D:5      | Found an iron altar of Okawaru.
  6852 | D:5      | Found Vuest's Jewellery Emporium.
  6879 | D:5      | Noticed Ijyb
  6900 | D:5      | Killed Ijyb
  6973 | D:5      | Noticed Blork the orc
  6981 | D:5      | Killed Blork the orc
  6981 | D:5      | Reached XP level 8. HP: 61/63 MP: 9/13
  7144 | D:5      | Noticed Grinder
  7176 | D:5      | Killed Grinder
  7176 | D:5      | Reached skill level 5 in Transmutations
  7673 | D:5      | Gained mutation: You expend magic power (3 MP) to strengthen your wands. [potion of mutation]
  7673 | D:5      | Gained mutation: You are resistant to hostile enchantments. (MR+) [potion of mutation]
  7673 | D:5      | Gained mutation: Scrolls take you a little longer to read. [potion of mutation]
  7673 | D:5      | Gained mutation: Your tail ends in a poisonous barb. [potion of mutation]
  7751 | D:6      | Found a blossoming altar of Fedhas.
  7772 | D:6      | Found Juhanent's Magic Scroll Emporium.
  8222 | D:6      | Found a staircase to the Ecumenical Temple.
  8459 | D:6      | Found a glowing silver altar of Zin.
  8656 | D:6      | Found a shadowy altar of Dithmenos.
  8764 | Temple   | Entered the Ecumenical Temple
  8921 | Temple   | Became a worshipper of Warmaster Okawaru
  9000 | D:7      | Noticed Vidiiot's ghost (novice DrSk)
  9271 | D:7      | Reached skill level 5 in Dodging
  9390 | D:7      | Found a deep blue altar of Sif Muna.
  9520 | D:7      | Reached XP level 9. HP: 72/72 MP: 11/16
  9643 | D:7      | Reached skill level 5 in Fighting
  9655 | D:7      | Reached skill level 5 in Spellcasting
 10215 | D:7      | Lost mutation: Your tail ends in a poisonous barb. [potion of mutation]
 10215 | D:7      | Lost mutation: You are resistant to hostile enchantments. (MR+) [potion of mutation]
 10215 | D:7      | Lost mutation: Scrolls take you a little longer to read. [potion of mutation]
 10215 | D:7      | Lost mutation: You expend magic power (3 MP) to strengthen your wands. [potion of mutation]
 10215 | D:7      | Gained mutation: You have sharp toenails. [potion of mutation]
 10215 | D:7      | Gained mutation: Scrolls take you a little longer to read. [potion of mutation]
 10215 | D:7      | Gained mutation: Your large and strong wings let you fly indefinitely. [potion of mutation]
 10215 | D:7      | Gained mutation: You evolve. [potion of mutation]
 10300 | D:7      | Reached skill level 5 in Unarmed Combat
 10357 | D:7      | Killed Vidiiot's ghost
 10357 | D:7      | Reached * piety under Okawaru
 10840 | D:4      | Learned a level 2 spell: Ensorcelled Hibernation
 10844 | D:4      | Learned a level 3 spell: Confuse
 11124 | D:8      | Gained mutation: Potions are less effective at restoring your health. [mutagenic meat]
 11125 | D:8      | Lost mutation: Scrolls take you a little longer to read. [mutagenic meat]
 11127 | D:8      | Gained mutation: Your system is resistant to poisons. (rPois) [mutagenic meat]
 11446 | D:8      | Learned a level 3 spell: Mephitic Cloud
 11545 | D:8      | Reached skill level 1 in Air Magic
 11640 | D:8      | Found a roughly hewn altar of Beogh.
 11788 | D:8      | Reached skill level 1 in Conjurations
 11788 | D:8      | Reached XP level 10. HP: 81/81 MP: 19/19
 11982 | D:8      | Reached ** piety under Okawaru
 13429 | D:10     | Entered Level 10 of the Dungeon
 13459 | D:10     | Found Reatar's Antique Weapon Emporium.
 14094 | D:9      | Gained mutation: Your body sometimes deteriorates upon taking damage. [mutagenic meat]
 14096 | D:9      | Gained mutation: Scrolls take you a little longer to read. [mutagenic meat]
 14098 | D:9      | Lost mutation: Your large and strong wings let you fly indefinitely. [potion of mutation]
 14098 | D:9      | Lost mutation: Scrolls take you a little longer to read. [potion of mutation]
 14098 | D:9      | Lost mutation: You have sharp toenails. [potion of mutation]
 14098 | D:9      | Gained mutation: You are frail. (-10% HP) [potion of mutation]
 14098 | D:9      | Gained mutation: Scrolls take you a little longer to read. [potion of mutation]
 14098 | D:9      | Gained mutation: Your mind is acute. (Int +2) [potion of mutation]
 14099 | D:9      | Lost mutation: Your body sometimes deteriorates upon taking damage. [potion of mutation]
 14099 | D:9      | Lost mutation: Scrolls take you a little longer to read. [potion of mutation]
 14099 | D:9      | Lost mutation: You evolve. [potion of mutation]
 14099 | D:9      | Gained mutation: You have an increased reservoir of magic. (+10% MP) [potion of mutation]
 14099 | D:9      | Gained mutation: You have sharp toenails. [potion of mutation]
 14099 | D:9      | Gained mutation: Your mind is very acute. (Int +4) [potion of mutation]
 14765 | D:4      | Bought a book of Frost for 350 gold pieces
 14769 | D:4      | Learned a level 3 spell: Ozocubu's Armour
 14773 | D:4      | Learned a level 3 spell: Regeneration
 14776 | D:4      | Learned a level 2 spell: Shroud of Golubria
 15125 | D:10     | Found a staircase to the Lair.
 15750 | D:10     | Reached *** piety under Okawaru
 15797 | D:10     | Reached skill level 5 in Poison Magic
 15928 | D:10     | Noticed a two-headed ogre
 16014 | D:10     | Mangled by a two-headed ogre

Vault maps used:
D:1:      co_arrival_square_in_a_square_in_a_square, minmay_quantized
D:3:      grunt_dithmenos_smoke_and_mirrors, lemuel_coloured_pillars_altar,
          uniq_robin
D:4:      kennysheep_mini_moat, grunt_temple_overflow_open, serial_shops, shop,
          shop, shop, nicolae_ossuary_entry_false_entrances,
          kennysheep_generic_room_13
D:5:      serial_shops, shop, first_bread, okawaru_trees_1, uniq_grinder,
          uniq_ijyb, uniq_blork_the_orc
D:6:      minmay_temple_entry_mist, serial_shops, shop,
          hangedman_feature_mirror, fedhas_altar_3
D:7:      lemuel_doored_altar, the_bakery
D:8:      minivault_1, david_defended_altar_orc
D:9:      minmay_misc_feat_rows
D:10:     david_lair_generic, lightli_bailey_entry_fortress, serial_shops,
          nicolae_shop_overgrown_old_shop, minmay_misc_feat_square
Temple:   regret_index_temple_sphere_string
Ossuary:  ossuary_boxes_badplayer

Skill      XL: |  1  2  3  4  5  6  7  8  9 10 |
---------------+-------------------------------+-----
Dodging        | 2 3 4 5 6 |  6.8
Stealth        | 1 2 3 4 |  4.6
Poison Magic   | 1 2 3 5 |  5.0
Transmutations | 3 4 5 6 |  6.2
Fighting       | 2 3 4 5 6 |  6.2
Spellcasting   | 3 4 6 |  6.3
Unarmed Combat | 4 5 6 |  6.0
Air Magic      | 1 4 |  4.4
Conjurations   | 1 3 |  3.1

Action                   |  1- 3 |  4- 6 |  7- 9 | 10-12 || total
-------------------------+-------+-------+-------+-------++-------
Melee: Short sword       |    81 |   273 |   389 |       ||   743
       Unarmed           |    15 |    78 |   186 |   139 ||   418
       Tailslap          |     7 |    30 |    54 |    24 ||   115
       Kick              |     1 |       |       |       ||     1
       Punch             |       |     2 |     9 |     4 ||    15
       Dagger            |       |       |    11 |   219 ||   230
Throw: Stone             |       |       |     8 |     4 ||    12
 Cast: Beastly Appendage |     1 |       |     3 |       ||     4
       Spider Form       |     1 |     9 |    21 |    16 ||    47
       Mephitic Cloud    |       |       |       |    17 ||    17
       Shroud of Golubri |       |       |       |    10 ||    10
       Ozocubu's Armour  |       |       |       |     5 ||     5
       Regeneration      |       |       |       |     3 ||     3
 Abil: Breathe Lightning |       |       |     4 |     1 ||     5
       End Transformatio |       |       |     1 |       ||     1
  Use: Potion            |       |       |    14 |     8 ||    22
       Scroll            |       |       |     2 |       ||     2
 Stab: Sleeping          |     4 |     4 |    14 |     3 ||    25
       Confused          |       |       |       |     6 ||     6
  Eat: Chunk             |     2 |     8 |     9 |     7 ||    26
       Royal jelly       |       |     2 |     1 |       ||     3
       Bread ration      |       |     1 |     3 |     3 ||     7
       Fruit             |       |       |     4 |       ||     4
Armor: Skin              |    42 |    59 |   169 |    73 ||   343
Dodge: Dodged            |    70 |   211 |   366 |   266 ||   913
